 Dungeon Crawl Stone Soup version 0.24-a0-446-g87df7205b4 (webtiles) character file.

Game seed: 4169566640496108110

57 Gynju the Charmwright (level 3, -4/28 HPs)
             Began as a Demonspawn Skald on June 24, 2019.
             Slain by Sigmund
             ... wielding a +0 scythe
              (6 damage)
             ... on level 2 of the Dungeon.
             The game lasted 00:07:18 (1400 turns).

Gynju the Charmwright (Demonspawn Skald)            Turns: 1400, Time: 00:07:18

Health: -4/28      AC:  7    Str: 12    XL:     3   Next: 73%
Magic:  4/6        EV: 11    Int: 14    God:
Gold:   98         SH:  0    Dex: 12    Spells: 5/6 levels left

rFire    . . .     SeeInvis .   a - +0 short sword
rCold    . . .     Gourm    .   (no shield)
rNeg     . . .     Faith    .   l - +0 ring mail
rPois    .         Spirit   .   (no helmet)
rElec    .         Reflect  .   (no cloak)
rCorr    .         Harm     .   r - +0 pair of gloves
MR       .....                  e - +0 pair of boots
Stlth    +.........             (no amulet)
HPRegen  0.09/turn              (no ring)
MPRegen  0.10/turn              (no ring)

@: infused (expiring), very slightly contaminated
A: talons 1, powered by pain 1
a: no special abilities


You were on level 2 of the Dungeon.
You were not hungry.

You visited 1 branch of the dungeon, and saw 2 of its levels.

You collected 98 gold pieces.

Inventory:

Hand Weapons
 a - a +0 short sword (weapon)
 b - a +0 hunting sling
Missiles
 g - 8 atropa-tipped darts
 k - 100 stones (quivered)
Armour
 e - a +0 pair of boots (worn)
 l - a +0 ring mail (worn)
 r - a +0 pair of gloves (worn)
Jewellery
 f - an uncursed ring of magical power {unknown}
 o - a +3 amulet of reflection {unknown}
Scrolls
 c - 2 scrolls of magic mapping {unknown}
 n - 2 scrolls of remove curse {unknown}
 t - a scroll of blinking {unknown}
 u - a scroll of identify {unknown}
Potions
 h - a potion of heal wounds {unknown}
 i - a potion of cancellation {unknown}
 j - 2 potions of curing {unknown}
 m - a potion of flight {unknown}
 q - a potion of degeneration {unknown}
 s - a potion of haste {unknown}
Comestibles
 d - 3 rations
 p - 4 chunks of flesh


   Skills:
 + Level 2.4 Fighting
 + Level 2.2 Short Blades
 + Level 1.4 Armour
 + Level 2.2 Dodging
 + Level 2.4 Spellcasting
 + Level 3.0 Charms


You had 5 spell levels left.
You knew the following spells:

 Your Spells              Type           Power        Failure   Level  Hunger
a - Infusion              Chrm           ##..         14%         1    #......

Your spell library contained the following spells:

 Spells                   Type           Power        Failure   Level  Hunger
 Song of Slaying          Chrm           ##......     22%         2    ###....
 Shroud of Golubria       Chrm/Tloc      #.....       38%         2    ###....
 Regeneration             Chrm/Necr      #.........   63%         3    ###....
 Spectral Weapon          Hex/Chrm       #.......     63%         3    ###....


Dungeon Overview and Level Annotations

Branches:
Dungeon (2/15)

Altars:

Annotations:
D:2 Sigmund


Innate Abilities, Weirdness & Mutations

You have sharp toenails.
You sometimes gain a little power by taking damage.


Message History

Sigmund mumbles some strange words.
Sigmund flickers and vanishes!
Deactivating autopickup; reactivate with Ctrl-A.
You closely miss something. The kobold hits you but does no damage.
Something hits you but does no damage.
You hit something. The kobold hits you but does no damage.
You hear some strange, mumbled words.
A magic dart appears from out of thin air!
The magic dart hits you!
You focus on the pain.
You feel your power returning.
You hit something. The kobold closely misses you. Something hits you.
You miss something. The kobold hits you but does no damage.
You miss something. The kobold hits you but does no damage. Something hits you.
You miss something.
Your magical infusion is running out.
The kobold closely misses you.
You barely miss something. Something hits you!
* * * LOW HITPOINT WARNING * * *
The kobold hits you but does no damage.
You hit something! The kobold closely misses you. Something hits you.
You die...

#. #...# ## #.#.# ###### ..
#.#.# ##..... .###
#.#.###..#### ..# ##.......##
##.#########.###.........#
#.........##K#...........####
#..........{@...............#
#.....!...#####..........##..
#.............#.#........###.
#>........###.#.#.)......# ##
#.........##..#..........####
#......................>.....
######....##..#............####
#..........................#
....#........###.#..######.##


You could see a kobold.

Vanquished Creatures
  An adder (D:2)
  A dart slug (D:2)
  2 worms (D:2)
  2 leopard geckos
  6 bats
  A giant cockroach (D:2)
  4 goblins
  6 hobgoblins (D:1)
  5 kobolds
  A quokka (D:2)
  6 frilled lizards
  4 rats (D:1)
39 creatures vanquished.

Notes
Turn   | Place    | Note
-------+----------+-------------------------------------------
     0 | D:1      | Gynju the Demonspawn Skald began the quest for the Orb.
     0 | D:1      | Reached XP level 1. HP: 16/16 MP: 3/3
   101 | D:1      | Reached skill level 1 in Armour
   203 | D:1      | Gained mutation: You sometimes gain a little power by
                  | taking damage. [demonic ancestry]
   203 | D:1      | Reached XP level 2. HP: 22/22 MP: 5/5
   954 | D:2      | Gained mutation: You have sharp toenails. [demonic
                  | ancestry]
   954 | D:2      | Reached XP level 3. HP: 25/27 MP: 6/6
  1240 | D:2      | Reached skill level 3 in Charms
  1383 | D:2      | Noticed Sigmund
  1400 | D:2      | Slain by Sigmund

Levels and vault maps discovered:
D:1:      dpeg_arrival_water_temple_mockup, layout_basic
D:2:      layout_rooms, uniq_sigmund

Skill      XL: |  1  2  3 |
---------------+----------+-----
Armour         | 1 |  1.4
Short Blades   | 2 |  2.2
Dodging        | 2 |  2.2
Charms         | 3 |  3.0
Fighting       | |  2.4
Spellcasting   | |  2.4

Action                   || total
-------------------------++-------
Melee: Short sword       ||   171
 Fire: Hunting sling     ||    11
 Cast: Infusion          ||     1
  Eat: Chunk             ||     2
Armor: Leather armour    ||    36
       Ring mail         ||    56
Dodge: Dodged            ||    97

Table legend:
 A = Non-vault XP
 B = Vault XP
 C = Vault XP percentage of total XP
 D = Non-vault monster count
 E = Vault monster count
 F = Vault count percentage of total count
                 A         B        C        D         E       F
            +---------+---------+-------+---------+---------+-------
      Total |      82 |       0 |   0.0 |      39 |       0 |   0.0
            +---------+---------+-------+---------+---------+-------
        D:1 |      40 |       0 |   0.0 |      25 |       0 |   0.0
        D:2 |      42 |       0 |   0.0 |      14 |       0 |   0.0
            +---------+---------+-------+---------+---------+-------
